 Dungeon Crawl Stone Soup version 0.27-a0-1245-g940ed4fa31 (webtiles) character file.

Game seed: 5061344963164089647

193593 polio18 the Shatterer (level 18, -21/188 HPs)
             Began as a Troll Monk on June 9, 2021.
             Was the Champion of Qazlal.
             Demolished by a nagaraja
             ... wielding a +0 whip
              (27 damage)
             ... on level 4 of the Snake Pit.
             The game lasted 01:47:24 (23736 turns).

polio18 the Shatterer (Troll Monk)                 Turns: 23736, Time: 01:47:25

Health: -21/188    AC: 39    Str: 30    XL:     18   Next: 7%
Magic:  17/17      EV:  2    Int:  6    God:    Qazlal [******]
Gold:   618        SH: 13    Dex: 12    Spells: 17/17 levels left

rFire    + . .     SeeInvis .   e - +9 giant spiked club (spect)
rCold    + . .     Faith    .   (shield currently unavailable)
rNeg     . . .     Spirit   .   S - +9 scales of the Dragon King {rPois rF+ rC+ Will+}
rPois    +         Reflect  +   B - +0 hat of Day {Regen+}
rElec    .         Harm     .   h - +2 cloak
rCorr    .         Rampage  .   (gloves unavailable)
Will     ++...                  (boots unavailable)
Stlth    ..........             m - amulet of reflection
HPRegen  2.41/turn              i - +4 ring of slaying
MPRegen  0.15/turn              c - +4 ring of protection

@: protected from physical damage, slowed, constricted, repel missiles, very
slow
A: large, unfitting armour, claws 3, regeneration 1, shaggy fur 2, tough skin 1,
talons 1, sense surroundings 2
a: Renounce Religion, Upheaval, Elemental Force, Disaster Area


You were on level 4 of the Snake Pit.
You worshipped Qazlal.
Qazlal was exalted by your worship.
You visited 5 branches of the dungeon, and saw 28 of its levels.
You also visited: Ossuary and Bailey.

You collected 3862 gold pieces.
You spent 3244 gold pieces at shops.

Inventory:

Hand Weapons
 e - a +9 spectral giant spiked club (weapon)
Missiles
 k - 44 large rocks (quivered)
Armour
 h - a +2 cloak (worn)
 B - the +0 hat of Day (worn) {Regen+}
   (You acquired it on level 1 of the Lair of Beasts)

   It increases your rate of health regeneration.
 I - a scarf of shadows
 S - the +9 scales of the Dragon King (worn) {rPois rF+ rC+ Will+}
   (You bought it in a shop on level 7 of the Dungeon)

   It protects you from fire.
   It protects you from cold.
   It protects you from poison.
   It increases your willpower.
 W - a scarf of invisibility
Jewellery
 c - a +4 ring of protection (right claw)
 g - a ring of protection from cold
 i - a +4 ring of slaying (left claw)
 m - an amulet of reflection (around neck)
 q - an amulet of the acrobat
 s - an amulet of faith
 y - a ring of flight
 F - a ring of resist corrosion
 L - a ring of see invisible
 O - a +6 ring of intelligence
Wands
 a - a wand of polymorph (3)
 n - a wand of paralysis (27)
 t - a wand of digging (8)
 A - a wand of charming (8)
 G - a wand of flame (69)
 H - a wand of iceblast (36)
 U - a wand of acid (9)
Scrolls
 d - 26 scrolls of identify
 j - 2 scrolls of immolation
 l - 2 scrolls of fear
 p - 3 scrolls of amnesia
 v - 3 scrolls of fog
 w - 8 scrolls of teleportation
 x - 5 scrolls of enchant armour
 D - 6 scrolls of enchant weapon
 K - 2 scrolls of torment
 N - a scroll of magic mapping
Potions
 f - 6 potions of heal wounds
 o - 2 potions of cancellation
 r - 3 potions of flight
 u - a potion of lignification
 z - 3 potions of mutation
 C - 3 potions of haste
 E - 4 potions of attraction
 Q - a potion of magic
Miscellaneous
 J - a lightning rod (4/4)
 P - a phial of floods
 R - a tin of tremorstones (2/2)


   Skills:
 + Level 13.8 Fighting
 + Level 21.7 Maces & Flails
 + Level 9.0 Armour
 - Level 6.2 Dodging
 - Level 2.2 Stealth
 - Level 0.1 Shields
 - Level 4.7 Unarmed Combat
 + Level 1.0 Evocations


You had 17 spell levels left.
You didn't know any spells.
Your spell library contained the following spells:

 Spells                   Type           Power      Damage    Failure   Level
 Animate Skeleton         Necr           0%         N/A       100%        1
 Foxfire                  Conj/Fire      0%         2x1d4     100%        1
 Magic Dart               Conj           0%         1d3       100%        1
 Pain                     Necr           0%         1d4       100%        1
 Poisonous Vapours        Pois/Air       0%         N/A       100%        2
 Searing Ray              Conj           0%         3d3       100%        2
 Conjure Flame            Conj/Fire      0%         6-21      100%        3
 Dazzling Flash           Conj/Hex       0%         N/A       100%        3
 Inner Flame              Hex/Fire       0%         N/A       100%        3
 Mephitic Cloud           Conj/Pois/Air  0%         N/A       100%        3
 Vampiric Draining        Necr           0%         2d6       100%        3
 Animate Dead             Necr           0%         N/A       100%        4
 Fulminant Prism          Conj/Hex       0%         3d6       100%        4
 Iskenderun's Mystic Bla  Conj/Tloc      0%         2d3       100%        4
 Sticky Flame             Conj/Fire      0%         2d3       100%        4
 Agony                    Necr           0%         N/A       100%        5
 Fireball                 Conj/Fire      0%         3d3       100%        5
 Freezing Cloud           Conj/Ice/Air   0%         6-21      100%        6


Dungeon Overview and Level Annotations

Branches:
Dungeon (15/15)            Temple (1/1) D:5            Lair (6/6) D:10
 Shoals (0/4) Lair:4        Snake (4/4) Lair:3        Slime (0/5) Lair:5
    Orc (2/2) D:11            Elf (0/3) Orc:2        Vaults (0/5) D:14
 Depths (0/5) D:15        Ossuary (visited)          Bailey (visited)

Altars:
Ashenzari
Cheibriados
Dithmenos
Elyvilon
Fedhas
Gozag
Hepliaklqana
Kikubaaqudgha
Makhleb
Nemelex Xobeh
Okawaru
Qazlal
Ru
Sif Muna
Trog
Uskayaw
Vehumet
Wu Jian
Xom
Yredelemnul
Zin
The Shining One
Beogh
Jiyva

Shops:
D:4 (   D:7 *   D:13 (!?:=   D:15 =   Orc:1 :[*=:   Orc:2 :*([   Snake:3 =::


Innate Abilities, Weirdness & Mutations

You are too large for most types of armour.
You have claws for hands.
Your natural rate of healing is unusually fast.
You are covered in thick fur. (AC +2)
You have tough skin. (AC +1)
You have sharp toenails.
You passively map the area around you.


Message History

The bolt of poison hits the naga.
The naga looks even sicker.
The bolt of poison hits you but does no damage.
You are more poisoned.
You resist.
The bolt of poison hits the naga sharpshooter.
The naga mage gestures wildly while chanting.
The naga mage seems to speed up.
The naga spits poison at you.
The splash of poison hits you but does no damage.
You resist. The naga hits you but does no damage. You block the naga's attack.
The nagaraja hits you with a +0 whip.
* * * LOW HITPOINT WARNING * * *
You block the nagaraja's attack.
The salamander mystic hits you but does no damage.
The naga sharpshooter shoots an arrow.
The arrow hits you but does no damage.
The naga sharpshooter shoots an arrow.
You reflect the arrow off an invisible shield around you!
The arrow hits the naga sharpshooter!!
The naga hits you with a +0 scimitar!
* * * LOW HITPOINT WARNING * * *
You feel more protected from physical attacks.
The naga grabs you.
You stop ascending the stairs.
The naga constricts you.
You feel better.
You hear an angry hiss. x3
The naga mage no longer looks unusually strong.
The guardian serpent casts a spell at you.
The naga is engulfed in freezing vapours.
You block the naga's attack. You block the nagaraja's attack.
The naga warrior roars a battlecry!
The nagas go into a battle-frenzy!
The naga sharpshooter shoots an arrow.
You reflect the arrow off an invisible shield around you!
The arrow closely misses the naga sharpshooter.
The naga hits you but does no damage.
* * * LOW HITPOINT WARNING * * *
The naga constricts you.
The naga warrior hits you with a +0 dire flail!
* * * LOW HITPOINT WARNING * * *
The naga is engulfed in freezing vapours.
The naga hits you but does no damage. The nagaraja hits you with a +0 whip!!
You die...

, , * ** # **N# *.. ,,
. ####N###.#* **, , .
#....[.N.###* #
#.N.N...)..., ,
#....N....# , .
#°.S......, ,.
######NNN°...### * #
###....°N@NN..... , * #
###......°NN##..### ,
#.....##.○.°...## ,*
#.......)).)...### , ,,
#...##..)).)......., ,
#.......#).....#.... ,
##......#...##....... ,
#................#..,,,
##...#...........# # ,


You could see 2 naga warriors, a nagaraja (strong), 3 naga sharpshooters, a
salamander mystic (strong), 2 naga ritualists, a guardian serpent, 2 naga magi
and 3 nagas.

Vanquished Creatures
  Mara (Snake:3)
  Bai Suzhen (Snake:3)
  Vashnia (Snake:2)
  Nikola (Snake:3)
  Rupert (D:15)
  Jorgrun (Snake:1)
  Asterion (Snake:2)
  An acid blob (Lair:5)
  Kirke (D:15)
  Agnes (D:15)
  A nagaraja (Snake:3)
  2 orc warlords
  An ironbound preserver (D:14)
  Azrael (Snake:3)
  Nessos (D:14)
  Josephine (D:15)
  2 fire dragons
  An ogre mage (D:15)
  13 naga warriors
  4 catoblepae
  15 hydras
  6 boulder beetles
  3 anacondas
  5 centaur warriors
  5 two-headed ogres
  A death knight (D:13)
  An anaconda (shapeshifter) (D:15)
  A tengu warrior (D:14)
  18 naga sharpshooters
  An orc high priest (Orc:2)
  8 shock serpents
  Sonja (Orc:2)
  A salamander mystic (Snake:1)
  A swamp dragon (Lair:6)
  3 naga ritualists
  Pikel (D:6)
  A deep elf pyromancer (D:15)
  4 orc knights (Orc:2)
  12 ugly things
  8 mana vipers
  2 oklob plants (D:9)
  3 manticores
  4 orc sorcerers (Orc:2)
  9 cyclopes
  9 salamanders
  Maurice (D:9)
  25 black mambas
  23 elephants
  2 merfolk sirens (Lair:4)
  3 guardian serpents
  18 naga magi
  A torpor snail (Lair:5)
  2 molten gargoyles (D:13)
  A gargoyle (D:11)
  An unseen horror (D:12)
  Maggie (D:10)
  Psyche (D:9)
  21 cane toads
  7 rime drakes
  3 efreet
  A komodo dragon (shapeshifter) (D:14)
  18 komodo dragons
  5 tengu conjurers
  6 trolls
  2 merfolk (Lair:4)
  12 polar bears
  A hornet (D:9)
  32 blink frogs
  3 raiju (Lair:6)
  7 dream sheep (Lair:5)
  10 slime creatures
  A wandering mushroom (D:9)
  13 wyverns
  73 yaks
  A tarantella (shapeshifter) (D:15)
  A shadow (D:12)
  8 wraiths
  5 fire elementals
  A hog (D:15)
  12 basilisks
  7 vampire mosquitoes
  4 steam dragons
  Grum (D:10)
  8 wargs
  A warg (shapeshifter) (D:14)
  34 nagas
  5 acid dragons
  21 hell hounds
  A floating eye (D:9)
  12 water moccasins
  39 orc warriors
  3 swamp drakes (Lair:6)
  14 black bears
  3 sky beasts (D:11)
  An ice beast (D:8)
  A necrophage (D:5)
  47 wolves
  28 centaurs
  9 ogres
  2 lemures (D:6)
  A phantom (D:6)
  3 kobold brigands
  Blork the orc (Orc:2)
  4 bullfrogs
  A gnoll sergeant (Orc:2)
  A scorpion (Lair:3)
  A wyvern zombie (D:5)
  A water moccasin skeleton (D:7)
  9 electric eels
  5 howler monkeys
  2 lava snakes (D:13)
  6 centaur zombies
  14 orc priests
  2 bullfrog zombies
  A human zombie (Ossuary)
  2 gnoll shamans
  5 hounds
  A bullfrog skeleton (D:5)
  Jessica (D:2)
  22 iguanas
  22 orc wizards
  5 hell rats (Lair:6)
  A killer bee zombie (D:9)
  A hound skeleton (D:5)
  3 mummies (Ossuary)
  A howler monkey zombie (D:9)
  21 gnolls
  3 howler monkey skeletons
  10 adders
  A white imp (D:7)
  4 dart slugs
  55 orcs
  7 ball pythons
  2 endoplasms
  A giant cockroach (D:1)
  A gnoll zombie (Ossuary)
  39 goblins
  21 hobgoblins
  8 jackals
  2 quokkas
  3 bats
  22 frilled lizards
  A hobgoblin zombie (Ossuary)
  23 kobolds
  An orc zombie (Ossuary)
  7 rats
1071 creatures vanquished.

Vanquished Creatures (others)
  3 humans (D:15)
  An orc warrior (Orc:2)
  A goblin (D:13)
  A bush (D:9)
  23 fungi
  54 plants
83 creatures vanquished.

Grand Total: 1154 creatures vanquished

Notes
Turn   | Place    | Note
-------+----------+-------------------------------------------
     0 | D:1      | polio18 the Troll Monk began the quest for the Orb.
     0 | D:1      | Reached XP level 1. HP: 22/22 MP: 0/0
    65 | D:1      | Found a faded altar of an unknown god.
   147 | D:1      | Reached XP level 2. HP: 29/29 MP: 1/1
   536 | D:1      | Reached XP level 3. HP: 34/36 MP: 2/2
   993 | D:2      | Noticed Jessica
   999 | D:2      | Killed Jessica
  1048 | D:2      | Reached XP level 4. HP: 44/44 MP: 3/3
  1569 | D:3      | Found a sparkling altar of Nemelex Xobeh.
  1787 | D:3      | Reached XP level 5. HP: 52/52 MP: 4/4
  2115 | D:3      | Identified a scroll of acquirement
  2115 | D:3      | Acquired a +7 spectral giant spiked club
  2138 | D:3      | Gained mutation: You are frail. (-10% HP) [potion of
                  | mutation]
  2138 | D:3      | Gained mutation: Armour fits poorly on your strangely
                  | shaped body. [potion of mutation]
  2348 | D:4      | Found a hazy altar of Hepliaklqana.
  2413 | D:4      | Noticed a black bear
  2425 | D:4      | Killed a black bear
  2426 | D:4      | Reached skill level 1 in Maces & Flails
  2426 | D:4      | Reached XP level 6. HP: 36/54 MP: 5/5
  2516 | D:4      | Found a shimmering altar of Xom.
  2519 | D:4      | Found a shimmering altar of Xom.
  2541 | D:4      | Reached skill level 2 in Maces & Flails
  2553 | D:4      | Found a shimmering altar of Xom.
  2590 | D:4      | Lost mutation: You are frail. (-10% HP) [potion of
                  | mutation]
  2590 | D:4      | Lost mutation: Armour fits poorly on your strangely shaped
                  | body. [potion of mutation]
  2590 | D:4      | Gained mutation: You are agile. (Dex +2) [potion of
                  | mutation]
  2590 | D:4      | Gained mutation: You are weak. (Str -2) [potion of
                  | mutation]
  2590 | D:4      | Gained mutation: You passively map a small area around you.
                  | [potion of mutation]
  2590 | D:4      | Gained mutation: You are partially covered in iridescent
                  | scales. (AC +2) [potion of mutation]
  2598 | D:4      | Found Parimmok's Antique Weapon Boutique.
  2661 | D:4      | Found a white marble altar of Elyvilon.
  2664 | D:4      | Found a glowing silver altar of Zin.
  2666 | D:4      | Found a hide-covered altar of Uskayaw.
  2752 | D:4      | Reached skill level 3 in Maces & Flails
  2752 | D:4      | Reached XP level 7. HP: 67/67 MP: 6/6
  2994 | D:5      | Entered Level 5 of the Dungeon
  3001 | D:5      | Found a sand-covered staircase.
  3006 | Ossuary  | Entered an ossuary
  3149 | Ossuary  | Reached skill level 4 in Maces & Flails
  3287 | D:5      | Reached skill level 5 in Maces & Flails
  3293 | D:5      | Reached XP level 8. HP: 78/78 MP: 7/7
  3455 | D:5      | Reached skill level 6 in Maces & Flails
  3995 | D:5      | Found a staircase to the Ecumenical Temple.
  4004 | Temple   | Entered the Ecumenical Temple
  4430 | Temple   | Became a worshipper of Qazlal Stormbringer
  4430 | Temple   | Reached * piety under Qazlal
  4430 | Temple   | Reached ** piety under Qazlal
  4609 | D:5      | Reached skill level 7 in Maces & Flails
  5104 | D:6      | Noticed Pikel
  5110 | D:6      | Killed Pikel
  5111 | D:6      | Reached skill level 8 in Maces & Flails
  5111 | D:6      | Reached XP level 9. HP: 87/87 MP: 8/8
  5618 | D:6      | Lost mutation: You are partially covered in iridescent
                  | scales. (AC +2) [potion of mutation]
  5618 | D:6      | Lost mutation: You are agile. (Dex +2) [potion of mutation]
  5618 | D:6      | Lost mutation: You are weak. (Str -2) [potion of mutation]
  5618 | D:6      | Gained mutation: You have sharp toenails. [potion of
                  | mutation]
  5618 | D:6      | Gained mutation: You tend to lose your temper in combat.
                  | [potion of mutation]
  5618 | D:6      | Gained mutation: Your body sometimes deteriorates upon
                  | taking damage. [potion of mutation]
  5618 | D:6      | Gained mutation: You passively map the area around you.
                  | [potion of mutation]
  5619 | D:6      | Lost mutation: You tend to lose your temper in combat.
                  | [potion of mutation]
  5619 | D:6      | Lost mutation: Your body sometimes deteriorates upon taking
                  | damage. [potion of mutation]
  5619 | D:6      | Gained mutation: You are covered in thick fur. (AC +2)
                  | [potion of mutation]
  5663 | D:7      | Reached skill level 5 in Fighting
  5813 | D:7      | Found a radiant altar of Vehumet.
  6111 | D:7      | Found Yngeimm's Assorted Antiques.
  6281 | D:8      | Reached skill level 9 in Maces & Flails
  6323 | D:8      | Found an iron altar of Okawaru.
  6405 | D:8      | Identified the +4 war axe "Matal" {pain, rC- rN++ Int+4}
  6824 | D:9      | Noticed Maurice
  6872 | D:9      | Killed Maurice
  6873 | D:9      | Reached skill level 10 in Maces & Flails
  6947 | D:9      | Reached XP level 10. HP: 92/96 MP: 9/9
  6948 | D:9      | Reached *** piety under Qazlal
  7153 | D:9      | Noticed an oklob plant
  7155 | D:9      | Noticed an oklob plant
  7182 | D:9      | Found a snail-covered altar of Cheibriados.
  7231 | D:9      | Noticed an oklob plant
  7433 | D:9      | Noticed Psyche
  7438 | D:9      | Killed Psyche
  7564 | D:9      | Reached skill level 11 in Maces & Flails
  7797 | D:9      | an oklob plant changed into a wandering mushroom
  7862 | D:9      | Killed an oklob plant
  7865 | D:9      | Reached skill level 5 in Dodging
  7906 | D:9      | Killed an oklob plant
  7980 | D:10     | Entered Level 10 of the Dungeon
  7993 | D:10     | Found a glowing golden altar of the Shining One.
  8033 | D:10     | Noticed an elephant
  8041 | D:10     | Killed an elephant
  8046 | D:10     | Reached **** piety under Qazlal
  8052 | D:10     | Found a staircase to the Lair.
  8209 | D:10     | Noticed Maggie
  8215 | D:10     | Killed Maggie
  8216 | D:10     | Reached skill level 12 in Maces & Flails
  8333 | D:10     | Noticed Grum
  8336 | D:10     | Reached XP level 11. HP: 100/105 MP: 10/10
  8339 | D:10     | Killed Grum
  8531 | D:10     | Reached skill level 1 in Evocations
  8537 | D:10     | Reached skill level 1 in Armour
  8790 | D:11     | Noticed a four-headed hydra
  8793 | D:11     | Reached ***** piety under Qazlal
  8800 | D:10     | Killed a four-headed hydra
  8801 | D:10     | Reached skill level 13 in Maces & Flails
  9185 | D:11     | Found a staircase to the Orcish Mines.
  9619 | Lair:1   | Entered Level 1 of the Lair of Beasts
  9625 | Lair:1   | Reached XP level 12. HP: 104/118 MP: 11/11
  9722 | Lair:1   | Found an iron altar of Okawaru.
 10192 | Lair:1   | Reached skill level 14 in Maces & Flails
 10353 | Lair:1   | Acquired the +0 hat of Day {Regen+}
 10674 | Lair:2   | Reached skill level 15 in Maces & Flails
 10892 | Lair:2   | Noticed a seven-headed hydra
 10901 | Lair:2   | Killed a seven-headed hydra
 10902 | Lair:2   | Reached XP level 13. HP: 93/128 MP: 12/12
 11260 | Lair:3   | Reached ****** piety under Qazlal
 11383 | Lair:3   | Reached skill level 16 in Maces & Flails
 11501 | Lair:3   | Found a staircase to the Snake Pit.
 12094 | Lair:4   | Found a staircase to the Shoals.
 12125 | Lair:4   | Identified the +6 flail "Otesut" {venom, rCorr Dex+3
                  | Stlth+}
 12237 | Lair:4   | Reached XP level 14. HP: 100/141 MP: 13/13
 12269 | Lair:4   | Reached skill level 17 in Maces & Flails
 13034 | Lair:5   | Found a runed translucent door.
 13034 | Lair:5   | Found a viscous altar of Jiyva.
 13034 | Lair:5   | Found a staircase to the Slime Pits.
 13034 | Lair:5   | Noticed an acid blob
 13047 | Lair:5   | Reached skill level 10 in Fighting
 13047 | Lair:5   | Reached skill level 5 in Armour
 13063 | Lair:5   | Killed an acid blob
 13761 | Lair:6   | Entered Level 6 of the Lair of Beasts
 13966 | Lair:6   | Reached skill level 18 in Maces & Flails
 14004 | Lair:6   | Found a gate leading to a gauntlet.
 14230 | Lair:6   | Reached XP level 15. HP: 152/152 MP: 14/14
 16061 | D:13     | Found Soaluss's Weapon Emporium.
 16187 | D:13     | Found Gearghuf's Magic Scroll Emporium.
 16196 | D:13     | Found Qaiqy's Book Shoppe.
 16262 | D:13     | Reached skill level 19 in Maces & Flails
 16362 | D:13     | Found Aretatoz's Jewellery Shop.
 16427 | D:13     | Found Disyir's Distillery.
 16607 | D:13     | Found a flagged portal.
 16612 | Bailey   | Entered a bailey
 17206 | D:14     | Noticed Nessos
 17216 | D:14     | Killed Nessos
 17292 | D:14     | Identified the +1 scale mail of a ziggurat {rN+}
 17321 | D:14     | Found a gate to the Vaults.
 17683 | D:15     | Entered Level 15 of the Dungeon
 17736 | D:15     | Noticed Josephine
 17746 | D:15     | Killed Josephine
 17823 | D:15     | Reached XP level 16. HP: 159/164 MP: 15/15
 17833 | D:15     | Found a staircase to the Depths.
 17885 | D:15     | Noticed Kirke
 17897 | D:15     | Killed Kirke
 17930 | D:15     | Found a broken altar of Ashenzari.
 17965 | D:15     | Identified the +4 fustibalus "Vyng" {venom, rF++}
 18017 | D:15     | Noticed Rupert
 18022 | D:15     | Found a stormy altar of Qazlal.
 18062 | D:15     | Killed Rupert
 18063 | D:15     | Reached skill level 20 in Maces & Flails
 18109 | D:15     | Found Jerr's Jewellery Emporium.
 18382 | D:15     | Noticed Agnes
 18387 | D:15     | Killed Agnes
 18410 | D:15     | Identified the +8 chain mail of the Desert {rC+}
 18785 | Orc:1    | Entered Level 1 of the Orcish Mines
 18786 | Orc:1    | Found Lilos's Book Emporium.
 18977 | Orc:2    | Entered Level 2 of the Orcish Mines
 19050 | Orc:2    | Noticed Sonja
 19054 | Orc:2    | Killed Sonja
 19209 | Orc:2    | Noticed Blork the orc
 19231 | Orc:2    | Killed Blork the orc
 19316 | Orc:2    | Paralysed by an orc sorcerer for 5 turns
 19408 | Orc:2    | Found Osamiq's Antique Weapon Emporium.
 19418 | Orc:2    | Found Voxikhluewn's General Store.
 19488 | Orc:2    | Found Unigis's Antique Armour Emporium.
 19599 | Orc:2    | Found a burning altar of Makhleb.
 19674 | Orc:2    | Found a staircase to the Elven Halls.
 19878 | Orc:2    | Found Nyevaiz's Book Emporium.
 20079 | Orc:1    | Found Coxuq's Jewellery Boutique.
 20180 | Orc:1    | Found a bloodstained altar of Trog.
 20188 | Orc:1    | Found Heezesal's Assorted Antiques.
 20209 | Orc:1    | Found Jauguif's Book Shop.
 20271 | Orc:1    | Found Bezak's Antique Armour Boutique.
 20582 | D:7      | Bought the +9 scales of the Dragon King {rPois rF+ rC+
                  | Will+} for 3244 gold pieces
 20582 | D:7      | Found the +9 scales of the Dragon King {rPois rF+ rC+
                  | Will+}
 20821 | Snake:1  | Entered Level 1 of the Snake Pit
 20821 | Snake:1  | Noticed Jorgrun
 20854 | Snake:1  | Killed Jorgrun
 21239 | Snake:1  | Reached XP level 17. HP: 145/175 MP: 16/16
 21694 | Snake:2  | Noticed Asterion
 21700 | Snake:2  | Killed Asterion
 21700 | Snake:2  | Noticed Vashnia
 21761 | Snake:2  | Reached skill level 21 in Maces & Flails
 21762 | Snake:2  | HP: 3/178 [naga sharpshooter/bolt (24)]
 21952 | Snake:2  | Found the +8 arc blade {discharge, rElec}
 22009 | Snake:2  | Killed Vashnia
 22722 | Snake:3  | Noticed Nikola
 22737 | Snake:3  | Killed Nikola
 22814 | Snake:3  | Noticed Bai Suzhen
 22833 | Snake:3  | Killed Bai Suzhen
 22911 | Snake:3  | Noticed Mara
 22930 | Snake:3  | Noticed Azrael
 22931 | Snake:3  | Noticed polio18's illusion
 22939 | Snake:3  | Killed Azrael
 22960 | Snake:3  | Noticed polio18's illusion
 22961 | Snake:3  | Killed Mara
 23059 | Snake:3  | Reached XP level 18. HP: 188/188 MP: 10/17
 23214 | Snake:3  | Found Ludobb's Jewellery Shoppe.
 23214 | Snake:3  | Found Nefag's Book Shop.
 23215 | Snake:3  | Found Qaybaapp's Book Shop.
 23595 | Snake:4  | Entered Level 4 of the Snake Pit
 23736 | Snake:4  | HP: 6/188 [naga warrior/+0 dire flail (17)]
 23736 | Snake:4  | Demolished by a nagaraja

Illustrated notes

Levels and vault maps discovered:
D:1:      scummos_arrival_hexagon, layout_loops_corners,
          ebering_ecumenical_altar_hall
D:2:      layout_basic, guppyfry_early_lair_pool, uniq_jessica
D:3:      layout_rooms, old_standard_altar
D:4:      layout_loops_ring, nicolae_overflow_hidden_temple,
          lemuel_coloured_pillars_altar, xom_redecorated,
          kennysheep_small_square
D:5:      minmay_goblin_kobold_castle, layout_rooms,
          minmay_temple_entry_antechambers, enter_ossuary_2,
          hangedman_decor_points, minivault_26
D:6:      layout_loops_ring, uniq_pikel
D:7:      layout_loops_cross, kennysheep_mini, serial_shops, shop, hex_tiny,
          minivault_26
D:8:      layout_basic, lemuel_tele_altar
D:9:      layout_stronghold, amcnicky_altar_gilded, serial_rivers,
          chequers_serial_rivers_micro_d, chequers_serial_rivers_marsh,
          chequers_serial_rivers_micro_c, chequers_serial_rivers_small_3,
          chequers_serial_rivers_micro_b, chequers_serial_rivers_small_3,
          disabler_island, uniq_psyche, uniq_maurice
D:10:     lemuel_reptile_caves, layout_irregular_city, tso_metal_star,
          david_lair_generic, uniq_maggie, uniq_grum
D:11:     layout_loops_cross, david_orc_3, hangedman_misty_isle
D:12:     layout_long_grid
D:13:     layout_basic, enter_bailey_3, serial_shops, shop, shop,
          nicolae_shop_window_shopping, shop, shop, kennysheep_cluttered_room
D:14:     layout_basic, skrybe_vaults_entry_preservation, serial_bayou_pond_d,
          uniq_nessos
D:15:     hangedman_depths_entry_try_elsewhere_first, layout_loops_ring,
          evilmike_ruin_ashenzari, minmay_shop_enchanted_jewellery,
          grunt_qazlal_sundering, uniq_agnes, uniq_josephine, uniq_rupert,
          uniq_kirke
Temple:   minmay_temple_forest_path
Lair:1:   layout_gridlike, basic_altar, st_stairs_8
Lair:2:   layout_gridlike
Lair:3:   layout_chaotic_city, guppyfry_snake_entry_island, beast_lair_carwin_9,
          serial_bayou_shore_a, lemuel_fruit_tree, grunt_megastairs_5,
          infiniplex_staircase_pool, serial_bayou_shore_b, lemuel_fruit_fields
Lair:4:   layout_regular_city, elwin_shoals_entry_stream, patterned_corridor
Lair:5:   layout_small_grid, slime_altar_2
Lair:6:   hangedman_lair_caniforms_friends, layout_cave_pods,
          guppyfry_lair_end_dragon, special_room [special_room_mythical_zoo],
          gauntlet_entry_generic
Snake:1:  nicolae_snake_shooting_gallery, layout_misc_corridors,
          nicolae_snake_bzzzt, uniq_jorgrun
Snake:2:  layout_misc_corridors, st_stairs_1, uniq_asterion, uniq_vashnia
Snake:3:  layout_layer_cave, abandoned_shop, grunt_megastairs_3,
          minmay_shop_grove, uniq_nikola, uniq_azrael, uniq_mara,
          uniq_bai_suzhen
Snake:4:  snake_pit, layout_misc_corridors
Orc:1:    layout_caves, basic_altar, serial_shops, shop, shop, shop,
          shop_fountains, nicolae_shop_waterfront
Orc:2:    grunt_orc_cross, layout_diamond_mine, bloody_makhleb, uniq_sonja

Skill      XL: |  1  2  3  4  5  6  7  8  9 10 11 12 13 14 15 16 17 18 |
---------------+-------------------------------------------------------+-----
Unarmed Combat | 4 |  4.7
Dodging        | 3 4 5 6 |  6.2
Fighting       | 3 4 5 6 7 8 9 10 11 12 13 | 13.8
Maces & Flails | 1 3 5 8 10 12 13 15 16 18 19 20 21 | 21.7
Stealth        | 2 |  2.2
Evocations     | 1 |  1.0
Armour         | 3 4 5 6 7 8 9 |  9.0
Shields        | |  0.1

Action                   |  1- 3 |  4- 6 |  7- 9 | 10-12 | 13-15 | 16-18 || total
-------------------------+-------+-------+-------+-------+-------+-------++-------
Melee: Unarmed           |    74 |    44 |     9 |       |       |       ||   127
       Giant spiked club |       |    49 |   183 |   277 |   582 |   555 ||  1646
       Kick              |       |       |    14 |    78 |   209 |   172 ||   473
Evoke: Wand              |       |       |       |     5 |       |       ||     5
  Use: Potion            |       |     6 |     6 |     2 |     1 |    16 ||    31
       Scroll            |       |     5 |     6 |     6 |     3 |     6 ||    26
 Stab: Sleeping          |     5 |     3 |     3 |       |       |       ||    11
       Distracted        |       |       |     1 |       |     3 |     3 ||     7
       Petrified         |       |       |       |       |     2 |       ||     2
       Confused          |       |       |       |       |     1 |       ||     1
       Fleeing           |       |       |       |       |       |     1 ||     1
Armor: Robe              |    26 |    40 |   104 |       |       |       ||   170
       Steam dragon scal |       |       |     4 |    18 |       |       ||    22
       Acid dragon scale |       |       |       |   109 |   185 |    92 ||   386
       Gold dragon scale |       |       |       |       |       |   233 ||   233
Dodge: Dodged            |    27 |    64 |   123 |   136 |   248 |   154 ||   752
       Repelled          |       |       |       |     3 |     5 |    22 ||    30
Block: Other             |       |       |    18 |   170 |   395 |   377 ||   960
       Reflection        |       |       |     2 |    13 |    56 |    56 ||   127

Table legend: (Time is in decaauts)
 A = Elapsed time spent in this place.
 B = Non-inter-level travel time spent in this place.
 C = Inter-level travel time spent in this place.
 D = Time resting spent in this place.
 E = Time spent auto-exploring this place.
 F = Levels seen in this place.
 G = Mean time per level.
                   A        B        C        D        E       F      G
               +--------+--------+--------+--------+--------+-----+--------+
         Total |  23800 |  22266 |   1534 |    721 |  15887 |  30 |  793.3 |
       Dungeon |  12704 |  11944 |    760 |    311 |   8871 |  15 |  846.9 |
        Temple |    488 |    395 |     93 |      0 |    393 |   1 |  488.0 |
          Lair |   5780 |   5315 |    465 |    159 |   3827 |   6 |  963.3 |
     Snake Pit |   2843 |   2719 |    124 |    158 |   1708 |   4 |  710.8 |
  Orcish Mines |   1612 |   1521 |     91 |     93 |   1011 |   2 |  806.0 |
       Ossuary |    242 |    242 |      0 |      0 |     76 |   1 |  242.0 |
        Bailey |    127 |    127 |      0 |      0 |      0 |   1 |  127.0 |
               +--------+--------+--------+--------+--------+-----+--------+

Top non-repeatable levels by time:
  Lair:6: 1299 daAuts
 Snake:3: 1268 daAuts
     D:5: 1254 daAuts
     D:9: 1239 daAuts
  Lair:4: 1142 daAuts
    D:10: 1016 daAuts
   Orc:2: 989 daAuts
    D:15: 953 daAuts
     D:1: 899 daAuts
    D:13: 896 daAuts
  Lair:1: 891 daAuts
  Lair:2: 871 daAuts
     D:4: 857 daAuts
    D:11: 855 daAuts
    D:12: 854 daAuts
